 Dungeon Crawl Stone Soup version 0.29-a0-359-g541a27f54d (webtiles) character file.

Game seed: 2554474580264673562

20 enile the Conjurer (level 2, -2/20 HPs)
             Began as a Gnoll Wanderer on Apr 27, 2022.
             Was a Follower of Trog.
             Succumbed to a scorpion's poison
             ... on level 3 of the Dungeon.
             The game lasted 00:03:13 (763 turns).

enile the Conjurer (Gnoll Wanderer)                  Turns: 763, Time: 00:03:13

Health: -2/20      AC:  7    Str: 12    XL:     2   Next: 79%
Magic:  5/5        EV: 13    Int: 15    God:    Trog [*.....]
Gold:   30         SH:  5    Dex: 18    Spells: 4/6 levels left

rFire   . . .      SeeInvis .   a - +0 quarterstaff
rCold   . . .      Faith    .   (shield currently unavailable)
rNeg    . . .      Spirit   .   h - +4 robe of Augmentation {Str+4 Int+4 Dex+4}
rPois   .          Reflect  +   (no helmet)
rElec   .          Harm     .   (no cloak)
rCorr   .          Rampage  .   b - +0 pair of gloves
Will    .....                   (no boots)
Stlth   +++.......              e - amulet of reflection
HPRegen 0.06/turn               (no ring)
MPRegen 0.09/turn               (no ring)

@: lethally poisoned (-2 -> -9), on berserk cooldown, slowed, very slow
A: fangs 1, strong nose, distributed training
a: Renounce Religion, Berserk


You were on level 3 of the Dungeon.
You worshipped Trog.
Trog was aware of your devotion.
You visited 1 branch of the dungeon, and saw 4 of its levels.

You collected 30 gold pieces.

Inventory:

Hand Weapons
 a - a +0 quarterstaff (weapon)
Armour
 b - a +0 pair of gloves (worn)
 d - a +0 robe
 h - the +4 robe of Augmentation (worn) {Str+4 Int+4 Dex+4}
   (You found it on level 4 of the Dungeon)

   Str:       It affects your strength (+4).
   Int:       It affects your intelligence (+4).
   Dex:       It affects your dexterity (+4).
Jewellery
 e - an amulet of reflection (around neck)
 f - an amulet of faith
Potions
 c - a potion of attraction


   Skills:
 + Level 0.5 Fighting
 + Level 0.5 Short Blades
 + Level 0.5 Long Blades
 + Level 0.5 Axes
 + Level 0.5 Maces & Flails
 + Level 0.5 Polearms
 + Level 2.5 Staves
 + Level 0.5 Slings
 + Level 0.5 Bows
 + Level 0.5 Crossbows
 + Level 0.5 Throwing
 + Level 0.5 Armour
 + Level 2.5 Dodging
 + Level 4.1 Stealth
 + Level 0.5 Shields
 + Level 0.5 Unarmed Combat
 + Level 2.7 Spellcasting
 + Level 7.0 Conjurations
 + Level 0.3 Hexes
 + Level 0.3 Summonings
 + Level 0.3 Necromancy
 + Level 0.3 Translocations
 + Level 0.3 Transmutations
 + Level 0.3 Fire Magic
 + Level 0.3 Ice Magic
 + Level 0.3 Air Magic
 + Level 0.3 Earth Magic
 + Level 0.3 Poison Magic
 + Level 0.6 Invocations
 + Level 2.5 Evocations


You had 4 spell levels left.
You knew the following spells:

 Your Spells              Type           Power      Damage    Failure   Level
a - Foxfire               Conj/Fire      52%        2x1d6     4%          1
b - Magic Dart            Conj           92%        1d7       1%          1

Your spell library contained the following spells:

 Spells                   Type           Power      Damage    Failure   Level
 Shock                    Conj/Air       52%        1d6       4%          1


Dungeon Overview and Level Annotations

Branches:
Dungeon (4/15)
 Temple: D:4-7

Altars:
Sif Muna
Trog


Innate Abilities, Weirdness & Mutations

You have very sharp teeth.
Your uncanny sense of smell can sniff out nearby items.
Your experience applies equally to all skills.


Message History

There is a stone staircase leading up here.
You block the scorpion's attack.
You climb upwards.
There is a stone staircase leading down here.
Okay, then.
Okay, then.
Found a scroll labelled URUH ZONIUGUA.
Found a shimmering blue altar of Sif Muna.
The scorpion closely misses you.
The scorpion stings you but does no damage.
The scorpion attacks as you move away! The scorpion stings you.
Found a scroll labelled KIXUXI PUMPYRI.
Found a stone staircase leading down.
Why would you want to do that? The scorpion attacks as you move away!
The scorpion closely misses you. The scorpion barely misses you.
The scorpion attacks as you move away! The scorpion barely misses you.
A worm comes into view.
Why would you want to do that? The scorpion attacks as you move away!
The scorpion stings you.
Okay, then.
Okay, then.
A red film seems to cover your vision as you go berserk!
You feel yourself moving faster!
You feel mighty! The scorpion stings you.
* * * LOW HITPOINT WARNING * * *
A dart slug comes into view.
You feel a strong urge to attack something.
You feel your anger nearly subside.
You are no longer berserk.
You are exhausted.
You feel yourself slow down.
The scorpion's inner flame fades away.
The scorpion stings you.
* * * LOW HITPOINT WARNING * * *
You are lethally poisoned!
The scorpion poisons you! You block the scorpion's attack.
Saving game... please wait.
Welcome back, enile the Gnoll Wanderer.
Trog says: Kill them all!
Press ? for a list of commands and other information.
You barely miss the scorpion.
You die...

.. ∆ .. ##. # #..
#. ###.#####
#..###.......# . ∆
.............#.#
#.......@##..#.##.
#...?.>.s..w.w....
...............#
#....≈≈≈○≈.#.###
#....≈°≈≈≈§....♣
.....○§_≈≈.###....
##.#.≈☼.≈≈.# ♣#♣
#.#.≈§.°°°# # .
#.....○.# .


You could see a worm, a scorpion and a dart slug.

Vanquished Creatures
  An endoplasm (D:4)
  A giant cockroach (D:4)
  2 hobgoblins
  4 jackals (D:4)
  3 bats
  3 frilled lizards
  2 kobolds
  2 rats (D:1)
18 creatures vanquished.

Vanquished Creatures (others)
  6 foxfires (D:1)
  A fungus (D:1)
7 creatures vanquished.

Grand Total: 25 creatures vanquished

Notes
Turn   | Place    | Note
-------+----------+-------------------------------------------
     0 | D:1      | enile the Gnoll Wanderer began the quest for the Orb.
     0 | D:1      | enile set off with the following items: a +0 quarterstaff,
                  | a +0 pair of gloves, a potion of attraction, a +0 robe; and
                  | the following spells available to memorise: Magic Dart,
                  | Foxfire, Shock
     0 | D:1      | Reached XP level 1. HP: 13/13 MP: 4/4
     2 | D:1      | Learned a level 1 spell: Foxfire
    79 | D:1      | Learned a level 1 spell: Magic Dart
   223 | D:1      | Found a faded altar of an unknown god.
   236 | D:1      | Prayed at the altar of an unknown god.
   236 | D:1      | Became a worshipper of Trog the Wrathful
   236 | D:1      | Reached * piety under Trog
   254 | D:1      | Reached XP level 2. HP: 19/19 MP: 5/5
   359 | D:2      | You fall into a shaft and drop 2 floors!
   682 | D:4      | Found the +4 robe of Augmentation {Str+4 Int+4 Dex+4}
   723 | D:4      | Noticed a scorpion
   748 | D:3      | Found a shimmering blue altar of Sif Muna.
   762 | D:3      | HP: 1/20 [scorpion (4)]
   763 | D:3      | Succumbed to a scorpion's poison

Illustrated notes

Levels and vault maps discovered:
D:1:      eino_arrival_cavern_b, layout_rooms, shapermc_ecumenical_altar_gd
D:2:      layout_loops_corners, basic_altar
D:3:      layout_loops_cross, lemuel_doored_altar,
          nicolae_sif_muna_condensation, serial_forest,
          infiniplex_forest_lined_3, infiniplex_forest_zigzag_1,
          infiniplex_forest_corner_1, infiniplex_forest_straight_4,
          infiniplex_forest_pool, infiniplex_forest_diagonal,
          infiniplex_forest_end_3, infiniplex_forest_lined_2, dk_noncrumbling_2
D:4:      layout_basic, nicolae_wu_jian_immortal_techniques, temple_green,
          moated_statue, minmay_strange_pillars

Action                   || total
-------------------------++-------
Melee: Quarterstaff      ||    36
       Bite              ||     1
 Cast: Magic Dart        ||     4
       Foxfire           ||     4
Invok: Berserk           ||     1
  Use: Scroll            ||     1
 Stab: Sleeping          ||     2
Armor: Robe              ||    14
Dodge: Dodged            ||    32
Block: Other             ||     9

Table legend: (Time is in decaauts)
 A = Elapsed time spent in this place.
 B = Non-inter-level travel time spent in this place.
 C = Inter-level travel time spent in this place.
 D = Time resting spent in this place.
 E = Time spent auto-exploring this place.
 F = Levels seen in this place.
 G = Mean time per level.
                   A        B        C        D        E       F      G
               +--------+--------+--------+--------+--------+-----+--------+
         Total |    770 |    770 |      0 |      0 |    576 |   4 |  192.5 |
       Dungeon |    770 |    770 |      0 |      0 |    576 |   4 |  192.5 |
               +--------+--------+--------+--------+--------+-----+--------+

Top non-repeatable levels by time:
     D:4: 390 daAuts
     D:1: 264 daAuts
     D:2: 99 daAuts
     D:3: 16 daAuts
